Map: Blackpink LE

Players

SortOf - Winner!

  • Race: Zerg Zerg
  • Spawn Location: 1:00

DeMusliM

  • Race: Terran Terran
  • Spawn Location: 7:00

Event: WCS Leipzig 2018

VOD

Have the link to the VOD?

Description

Time

  • Played on: Jan. 26, 2018, 7:03 a.m.
  • Length: 15:23

All games in this series

Show
View Real Time Build Order
Export as new Build Order

SortOf Zerg - Winner!

Build Orders: Hatch First 

Get SALT Encoding   

  12  0:00  Drone  
  13  0:12  Overlord  
  13  0:17  Drone  
  14  0:31  Drone x2  
  16  0:35  Drone  
  17  0:52  Hatchery  
  17  0:55  Drone  
  17  0:59  Drone  
  18  1:10  Extractor  
  17  1:15  Spawning Pool  
  17  1:17  Drone  
  17  1:23  Drone  
  18  1:27  Drone  
  19  1:39  Drone  
  20  1:49  Overlord  
  20  2:04  Queen x2  
  20  2:05  Drone x2  
  26  2:12  Zergling x2  
  26  2:13  Metabolic Boost  
  26  2:14  Drone  
  28  2:21  Overlord  
  28  2:38  Hatchery  
  28  2:40  Drone  
  28  2:45  Drone x2  
  28  2:50  Pneumatized Carapace  
  30  2:55  Overlord  
  30  3:00  Drone  
  30  3:01  Drone  
  32  3:07  Zergling x4  
  34  3:13  Drone x2  
  34  3:16  Queen  
  38  3:22  Spine Crawler  
  38  3:26  Zergling x6  
  40  3:33  Zergling x2  
  40  3:34  Zergling x2  
  42  3:41  Drone  
  42  3:42  Drone  
  42  3:45  Overlord x2  
  43  3:52  Queen  
  45  3:56  Zergling x4  
  45  3:57  Drone  
  48  4:03  Drone x2  
  48  4:06  Drone  
  51  4:12  Zergling x8  
  51  4:13  Drone  
  56  4:17  Roach Warren  
  56  4:22  Zergling x4  
  56  4:23  Zergling x2  
  58  4:26  Queen  
  55  4:39  Drone x4, Queen  
  55  4:45  Drone, Overlord  
  60  4:46  Drone  
  62  4:57  Drone x6  
  56  5:05  Extractor x2  
  54  5:08  Overlord  
  54  5:12  Evolution Chamber  
  54  5:13  Roach  
  54  5:14  Roach x3  
  61  5:23  Lair  
  61  5:24  Drone x2  
  61  5:28  Roach x3  
  69  5:37  Roach  
  69  5:38  Roach x2  
  69  5:39  Overlord  
  75  5:45  Queen  
  75  5:49  Overlord  
  77  5:54  Zergling x2  
  77  5:55  Zergling x4  
  80  5:59  Roach x2  
  80  6:03  Overlord  
  84  6:16  Roach x3  
  90  6:21  Overseer  
  90  6:22  Overlord  
  90  6:24  Zergling x8  
  90  6:25  Zergling x6  
  97  6:27  Overlord  
  97  6:31  Overlord  
  97  6:32  Overlord  
  97  6:38  Overlord x2  
  97  6:47  Ravager x4  
  101  6:49  Zergling x8  
  104  6:56  Zergling x4  
  101  7:06  Roach  
  91  7:10  Roach  
  91  7:14  Roach x2  
  90  7:18  Roach x2  
  90  7:21  Roach x2  
  90  7:22  Roach x2  
  96  7:25  Roach x2  
  96  7:26  Roach  
  96  7:27  Zergling x4  
  101  7:40  Zergling x2  
  101  7:41  Zergling x4  
  101  7:43  Ravager x2  
  104  7:46  Zergling x2  
  98  7:54  Zergling x6  
  98  7:56  Zergling x2  
  89  7:59  Roach  
  86  8:06  Queen  
  86  8:07  Zergling x2  
  86  8:08  Zergling x2  
  86  8:09  Ravager x2  
  90  8:15  Zergling x4  
  90  8:18  Ravager  
  92  8:20  Zergling x4  
  92  8:23  Drone  
  92  8:24  Queen  
  92  8:25  Glial Reconstitution  
  92  8:26  Extractor  
  95  8:27  Drone  
  95  8:30  Drone  
  95  8:34  Drone  
  86  8:40  Drone  
  85  8:41  Drone  
  85  8:44  Drone  
  86  8:49  Extractor  
  86  8:50  Drone, Extractor  
  86  8:53  Drone  
  84  9:06  Drone x2  
  84  9:07  Drone x2  
  84  9:09  Spire  
  87  9:13  Drone  
  87  9:14  Drone x4  
  92  9:20  Drone x4  
  92  9:23  Zerg Missile Weapons Level 1  
  96  9:30  Roach x3  
  102  9:33  Roach  
  103  9:39  Hatchery  
  103  9:44  Drone  
  103  9:59  Drone x3, Overlord  
  106  10:01  Roach x2  
  106  10:02  Overlord  
  106  10:03  Overlord  
  110  10:15  Ravager  
  110  10:20  Mutalisk  
  110  10:21  Mutalisk x8, Extractor  
  112  10:25  Hydralisk Den  
  112  10:28  Drone x2  
  129  10:29  Roach  
  129  10:30  Extractor, Roach x3  
  129  10:31  Drone  
  137  10:42  Overlord  
  137  10:44  Overlord  
  137  10:49  Infestation Pit  
  135  10:54  Drone x2  
  135  10:55  Drone x2  
  135  10:56  Drone x2  
  140  11:03  Drone x2  
  139  11:06  Roach x8  
  155  11:15  Roach x2  
  159  11:19  Overlord  
  159  11:23  Overlord  
  159  11:24  Roach x3  
  155  11:32  Roach  
  158  11:33  Roach x4  
  158  11:36  Overlord  
  158  11:39  Hive, Muscular Augments  
  149  11:48  Zerg Missile Weapons Level 2  
  149  11:50  Evolution Chamber  
  149  11:52  Overlord  
  141  12:05  Roach x3  
  137  12:08  Hydralisk x7  
  137  12:10  Hydralisk  
  137  12:13  Hydralisk  
  153  12:17  Drone  
  153  12:21  Zerg Ground Armor Level 1  
  154  12:28  Hydralisk x3  
  158  12:39  Hydralisk x4  
  166  12:54  Zergling x2, Overlord  
  167  12:59  Viper x2, Infestor  
  175  13:13  Greater Spire, Viper  
  175  13:14  Hatchery  
  177  13:21  Hydralisk x6  
  187  13:42  Viper  
  188  14:05  Spine Crawler  
  188  14:07  Spine Crawler, Corruptor  
  188  14:08  Corruptor x2  
  192  14:10  Overlord  
  192  14:12  Hatchery  
  192  14:14  Extractor  
  192  14:15  Corruptor  
  188  14:17  Extractor  
  187  14:38  Hydralisk x7  
  195  14:50  Brood Lord x2  
Show
View Real Time Build Order
Export as new Build Order

DeMusliM Terran 

Build Orders: Hellion Opening, Mech 

Get SALT Encoding   

  12  0:00  SCV  
  13  0:12  SCV  
  14  0:17  Supply Depot  
  14  0:24  SCV  
  15  0:38  SCV  
  15  0:40  Barracks  
  16  0:44  Refinery  
  16  0:50  SCV  
  17  1:03  SCV  
  18  1:15  SCV  
  19  1:27  Orbital Command, Marine  
  20  1:38  Command Center  
  20  1:45  Marine  
  21  1:53  Factory  
  21  1:57  SCV  
  22  2:04  Barracks Reactor  
  22  2:07  Supply Depot  
  22  2:10  SCV  
  23  2:25  Refinery  
  23  2:29  SCV  
  24  2:41  SCV  
  24  2:42  Armory  
  25  2:45  Hellion x2  
  25  2:50  Orbital Command  
  29  2:53  SCV  
  29  2:54  Reaper  
  31  3:06  Hellion x2  
  31  3:09  SCV  
  36  3:18  SCV  
  37  3:21  SCV  
  37  3:23  Supply Depot  
  38  3:28  Hellion x2  
  38  3:31  SCV  
  43  3:39  SCV  
  44  3:46  Supply Depot  
  44  3:47  SCV  
  45  3:50  Hellion x2  
  45  3:53  SCV  
  50  3:59  SCV  
  51  4:08  SCV  
  52  4:10  Supply Depot  
  52  4:11  SCV  
  53  4:18  Command Center  
  53  4:20  SCV  
  53  4:23  SCV  
  55  4:31  Hellion  
  55  4:32  Hellion, SCV  
  55  4:35  SCV  
  61  4:44  SCV  
  60  4:46  Barracks Tech Lab  
  60  4:47  SCV  
  60  4:48  Starport  
  59  4:57  SCV  
  59  4:59  SCV  
  51  5:00  Terran Vehicle Weapons Level 1  
  51  5:02  Hellion x2  
  54  5:09  SCV  
  54  5:11  SCV  
  54  5:13  Factory  
  56  5:14  Factory  
  56  5:16  Refinery x2  
  56  5:21  SCV  
  57  5:22  Barracks Tech Lab  
  57  5:24  Hellion x2  
  57  5:25  SCV  
  62  5:30  Orbital Command  
  62  5:33  SCV  
  62  5:34  Viking  
  65  5:37  SCV  
  66  5:45  SCV  
  66  5:47  Hellion x2  
  66  5:49  SCV, Barracks Tech Lab  
  72  5:55  Supply Depot  
  72  5:56  Orbital Command  
  72  5:57  SCV  
  72  6:01  SCV  
  72  6:04  Siege Tank  
  77  6:13  Hellion x2, Siege Tank  
  77  6:15  SCV  
  77  6:16  SCV  
  77  6:18  Engineering Bay  
  86  6:19  Supply Depot  
  86  6:22  SCV  
  87  6:27  SCV  
  87  6:28  SCV  
  87  6:30  Refinery  
  87  6:32  Armory  
  89  6:33  Refinery  
  89  6:34  SCV  
  89  6:35  Factory x2  
  89  6:36  Siege Tank  
  89  6:39  SCV  
  94  6:41  SCV  
  94  6:45  Hellion x2, Banshee  
  102  7:04  Siege Tank  
  102  7:06  Hellion x2, SCV  
  102  7:07  SCV  
  102  7:08  SCV, Siege Tank  
  85  7:19  SCV x2  
  85  7:22  Hellion x2  
  79  7:27  SCV, Hellion  
  71  7:31  SCV  
  71  7:34  Cyclone  
  71  7:36  Siege Tank  
  73  7:40  Siege Tank  
  73  7:43  SCV x2  
  78  7:48  Hellion  
  80  7:54  SCV  
  80  7:55  SCV  
  77  8:01  Viking  
  77  8:02  Hellion  
  77  8:03  SCV  
  82  8:06  SCV  
  82  8:08  Siege Tank  
  82  8:12  SCV  
  85  8:16  Supply Depot  
  85  8:17  Siege Tank  
  86  8:25  SCV  
  87  8:27  Hellion x2  
  87  8:32  Viking  
  89  8:34  SCV  
  89  8:37  SCV  
  89  8:40  Siege Tank  
  93  8:47  SCV  
  93  8:48  Orbital Command  
  93  8:51  Factory Tech Lab, Factory Reactor, Siege Tank  
  96  8:58  SCV  
  96  8:59  SCV  
  98  9:03  Hellion  
  98  9:09  Hellion x3  
  100  9:11  Supply Depot  
  100  9:12  Refinery  
  100  9:14  Supply Depot  
  100  9:15  SCV  
  101  9:26  Terran Vehicle Weapons Level 2  
  101  9:29  SCV x3, Siege Tank  
  107  9:41  SCV x3  
  110  9:49  Command Center  
  110  9:50  Siege Tank  
  110  9:51  Hellion  
  115  9:53  SCV  
  115  9:54  SCV x2  
  115  9:57  Terran Vehicle And Ship Armor Level 1  
  115  9:59  Siege Tank  
  121  10:04  Supply Depot  
  121  10:05  Supply Depot  
  121  10:06  Supply Depot  
  121  10:12  Siege Tank  
  124  10:21  Starport Reactor  
  124  10:26  Hellion x4  
  124  10:27  Siege Tank  
  135  10:31  Supply Depot, Siege Tank  
  138  10:36  Command Center  
  138  10:47  Hellion, Supply Depot  
  149  10:50  Supply Depot  
  145  11:01  SCV  
  140  11:06  Thor x3  
  140  11:07  Missile Turret  
  140  11:08  Missile Turret  
  140  11:09  Missile Turret x2  
  140  11:10  Missile Turret  
  139  11:13  Missile Turret  
  139  11:15  SCV x2  
  139  11:16  Missile Turret  
  135  11:22  Missile Turret  
  135  11:24  Hellion x3  
  129  11:31  Hellion  
  110  11:41  SCV x3, Missile Turret  
  109  11:51  Thor  
  109  11:53  SCV x3  
  112  12:05  SCV  
  111  12:13  Siege Tank  
  111  12:14  Hellion, Siege Tank  
  118  12:17  Missile Turret  
  118  12:23  SCV x2  
  120  12:33  Hellion x2  
  120  12:34  Viking x2, Siege Tank, Terran Vehicle And Ship Armor Level 2  
  120  12:35  Terran Vehicle Weapons Level 3  
  129  12:39  SCV x2  
  131  12:45  Hellion x3  
  131  12:46  Hellion, Siege Tank  
  131  12:47  Hellion x2  
  140  12:56  SCV  
  141  13:06  Refinery, Siege Tank, Missile Turret  
  141  13:07  Missile Turret  
  141  13:08  Refinery  
  141  13:09  Viking x2  
  148  13:16  Hellion x2  
  150  13:24  Hellion  
  150  13:26  SCV x2  
  154  13:27  Planetary Fortress  
  154  13:33  Missile Turret  
  154  13:39  Siege Tank  
  154  13:40  Hellion  
  151  13:45  Viking  
  153  13:49  Supply Depot  
  153  13:50  Supply Depot  
  153  13:59  Planetary Fortress  
  153  14:00  SCV x3  
  156  14:06  Viking  
  156  14:07  Siege Tank  
  161  14:10  SCV  
  161  14:12  SCV x2  
  161  14:13  SCV  
  165  14:28  Starport  
  163  14:32  Viking, Starport  
  163  14:35  Hellion, Siege Tank x2  
  173  14:52  Viking  
  172  15:00  Hellion x2  
  174  15:10  SCV x2  
  174  15:13  Refinery  
  174  15:14  Refinery  
Tags
 
Add a new tag
Caveats
  • Supply blocks, unpowered buildings, or Contaminate may cause inaccurate times.
  • Supply counts are checked every 10 seconds.